 Dungeon Crawl Stone Soup version 0.20.1-1-g8b1a95d (webtiles) character file.

107 gobwax the Charmwright (level 4, -2/34 HPs)
             Began as a Barachi Skald on July 10, 2017.
             Slain by a river rat (7 damage)
             ... summoned by Eustachio
             ... on level 4 of the Dungeon.
             The game lasted 00:06:56 (2749 turns).

gobwax the Charmwright (Barachi Skald)              Turns: 2749, Time: 00:07:01

Health: -2/34      AC:  5    Str: 13      XL:     4   Next: 86%
Magic:  7/7        EV: 12    Int: 14      God:
Gold:   126        SH:  0    Dex:  9 (11) Spells: 7/8 levels left

rFire    x . .     SeeInvis .   a - +0 falchion
rCold    + . .     Gourm    .   (no shield)
rNeg     . . .     Faith    .   b - +0 leather armour
rPois    +         Spirit   .   (no helmet)
rElec    .         Reflect  .   (no cloak)
rCorr    .         Harm     .   (no gloves)
MR       .....     Clarity  +   (no boots)
Stlth    +.........             (no amulet)
Regen    0.2/turn               g - ring of ice
MPRegen  0.1/turn               r - ring of poison resistance

@: can't hop, slow
A: +LOS, swims, fangs 1, icy blue scales 1, clarity, slowness 1, evolution 1,
strong legs 1
a: Hop


You were on level 4 of the Dungeon.
You were very hungry.

You visited 1 branch of the dungeon, and saw 4 of its levels.

You collected 126 gold pieces.

Inventory:

Hand Weapons
 a - a +0 falchion (weapon)
Armour
 b - a +0 leather armour (worn)
Jewellery
 g - a ring of ice (left hand)
 r - a ring of poison resistance (right hand)
Scrolls
 f - a scroll of teleportation {unknown}
 i - a scroll of magic mapping {unknown}
 k - a scroll of remove curse {unknown}
 l - a scroll of amnesia {unknown}
 o - a scroll of enchant weapon {unknown}
 p - a scroll of recharging {unknown}
 s - a scroll of fear {unknown}
 t - a scroll of random uselessness {unknown}
 u - a scroll of identify {unknown}
 v - a scroll of immolation {unknown}
Potions
 m - a potion of berserk rage {unknown}
 q - a potion of curing {unknown}
Books
 c - a book of Battle

   Spells                             Type                      Level
   a - Infusion                       Charms                       1
   b - Shroud of Golubria             Charms/Translocation         2
   c - Song of Slaying                Charms                       2
   d - Spectral Weapon                Hexes/Charms                 3
   e - Regeneration                   Charms/Necromancy            3
Comestibles
 d - 3 bread rations


   Skills:
 + Level 2.4 Fighting
 + Level 4.1 Long Blades
 + Level 2.0 Armour
 + Level 2.9 Dodging
 + Level 2.5 Spellcasting
 + Level 4.1 Charms


You had 7 spell levels left.
You knew the following spells:

 Your Spells              Type           Power        Failure   Level  Hunger
a - Infusion              Chrm           ##..         5%          1    #......


Dungeon Overview and Level Annotations

Branches:
Dungeon (3/15)

Altars:

Annotations:
D:4 Eustachio


Innate Abilities, Weirdness & Mutations

Shadows flee at your approach. (+LOS)
You can swim through water.
You cover ground slowly.
You can hop short distances.
You have very sharp teeth.
You are partially covered in icy blue scales. (AC +2)
You possess an exceptional clarity of mind.
You evolve.


Message History

The river rat bites you but does no damage.
It was a potion of agility.
You feel agile all of a sudden.
Eustachio casts a spell.
Eustachio blinks!
The river rat bites you.
* * * LOW HITPOINT WARNING * * *
It was a potion of cancellation.
Your magical effects are unravelling.
You feel magically purged.
You feel a little less agile now.
You are no longer magically infusing your attacks.
The river rat bites you.
* * * LOW HITPOINT WARNING * * *
It was a potion of mutation.
You feel extremely strange.
Your teeth lengthen and sharpen.
Icy blue scales grow over part of your body.
Your thoughts seem clearer.
You feel nature experimenting on you.
Don't worry, failures die fast.
The river rat bites you!
You die...

#...... .....
#...# #...# #...#
..######...#######
.......)...†.....#
###########5..#
#.....@r@5r...#
#.#########...#
##########.#
#..........#
#.........##
##.........##.#
#.............# #
###.....######## #
#.............# #


You could see Eustachio, a quasit, a river rat, a white imp and a quokka.

Vanquished Creatures
  A worker ant (D:4)
  A gnoll (D:1)
  2 oozes (D:1)
  3 worms (D:2)
  3 dart slugs
  2 leopard geckos
  An orc (D:4)
  3 giant cockroaches
  5 goblins
  6 hobgoblins
  A quokka (D:2)
  6 bats
  5 frilled lizards
  5 kobolds
  6 rats
50 creatures vanquished.

Notes
Turn   | Place    | Note
-------+----------+-------------------------------------------
     0 | D:1      | gobwax the Barachi Skald began the quest for the Orb.
     0 | D:1      | Reached XP level 1. HP: 17/17 MP: 3/3
     2 | D:1      | Noticed a draconian
     3 | D:1      | Noticed an elf
     5 | D:1      | Noticed a dwarf
     5 | D:1      | Noticed a halfling
     7 | D:1      | Noticed a minotaur
     7 | D:1      | Noticed a tengu
     9 | D:1      | Noticed a felid
     9 | D:1      | Noticed a formicid
    11 | D:1      | Noticed a gargoyle
    13 | D:1      | Noticed a ghoul
    13 | D:1      | Noticed a vampire
    15 | D:1      | Noticed a demigod
    15 | D:1      | Noticed a human
    17 | D:1      | Noticed a troll
    17 | D:1      | Noticed a spriggan
    19 | D:1      | Noticed a merfolk
    21 | D:1      | Noticed a centaur
    21 | D:1      | Noticed an octopode
    23 | D:1      | Noticed a vine stalker
    25 | D:1      | Noticed an ogre
    27 | D:1      | Noticed a demonspawn
    27 | D:1      | Noticed a naga
   156 | D:1      | Reached XP level 2. HP: 15/23 MP: 5/5
   481 | D:1      | Reached XP level 3. HP: 23/28 MP: 6/6
  1850 | D:2      | Reached XP level 4. HP: 29/34 MP: 7/7
  2564 | D:3      | You fall through a shaft!
  2678 | D:4      | Noticed Eustachio
  2749 | D:4      | Gained mutation: You have very sharp teeth. [potion of mutation]
  2749 | D:4      | Gained mutation: You are partially covered in icy blue scales. (AC +2) [potion of mutation]
  2749 | D:4      | Gained mutation: You possess an exceptional clarity of mind. [potion of mutation]
  2749 | D:4      | Gained mutation: You evolve. [potion of mutation]
  2749 | D:4      | Slain by a river rat

Skill      XL: |  1  2  3  4 |
---------------+-------------+-----
Charms         | 4 |  4.1
Long Blades    | 3 4 |  4.1
Armour         | 2 |  2.0
Fighting       | |  2.4
Dodging        | |  2.9
Spellcasting   | |  2.5

Action                   |  1- 3 |  4- 6 || total
-------------------------+-------+-------++-------
Melee: Falchion          |    97 |    96 ||   193
 Cast: Infusion          |     2 |     8 ||    10
 Abil: Hop               |     1 |     1 ||     2
  Use: Potion            |       |     6 ||     6
  Eat: Chunk             |     3 |     3 ||     6
Armor: Leather armour    |    25 |    15 ||    40
       Skin              |       |   116 ||   116
Dodge: Dodged            |    76 |    61 ||   137
       Rpst.: Falchion   |    25 |    18 ||    43
